 Dungeon Crawl Stone Soup version 0.19.1-1-g22dce08 (webtiles) character file.

123 Zelle the Shield-Bearer (level 5, -4/32 HPs)
             Began as a Gargoyle Fighter on Jan 14, 2017.
             Slain by a gnoll
             ... wielding a +0 halberd
              (8 damage)
             ... on level 3 of the Dungeon.
             The game lasted 00:05:40 (1544 turns).

Zelle the Shield-Bearer (Gargoyle Fighter)          Turns: 1544, Time: 00:05:40

Health: -4/32      AC:  9    Str: 20    XL:     5   Next: 7%
Magic:  5/5        EV:  8    Int:  9    God:
Gold:   79         SH:  9    Dex:  9    Spells: 0 memorised, 4 levels left

rFire  . . .     SeeInvis .     a - +0 long sword
rCold  . . .     Gourm    .     m - +0 ring mail
rNeg   + . .     Faith    .     c - +0 shield
rPois  ∞         Spirit   .     (no helmet)
rElec  +         Reflect  .     (no cloak)
rCorr  .         Harm     .     (no gloves)
MR     .....                    (no boots)
Stlth  ..........               (no amulet)
                                (no ring)
                                (no ring)

@: no status effects
A: negative energy resistance 1, electricity resistance, unbreathing,
petrification resistance, rot immunity, AC +4
a: no special abilities


You were on level 3 of the Dungeon.
You were not hungry.

You visited 1 branch of the dungeon, and saw 3 of its levels.

You collected 79 gold pieces.

Inventory:

Hand Weapons
 a - a +0 long sword (weapon)
 l - a cursed -1 dagger
 r - a +3 dagger
Armour
 b - a +0 scale mail
 c - a +0 shield (worn)
 m - a +0 ring mail (worn)
 v - a +0 chain mail
Jewellery
 q - an uncursed amulet of rage {unknown}
Wands
 n - a wand of enslavement (11/24)
Scrolls
 e - a scroll of magic mapping {unknown}
 g - a scroll of fog {unknown}
 i - a scroll of enchant armour {unknown}
 k - 2 scrolls of identify {unknown}
 u - 2 scrolls of remove curse {unknown}
 w - 2 scrolls of teleportation {unknown}
 x - a scroll of noise {unknown}
Potions
 d - a potion of might
 h - 2 potions of heal wounds {unknown}
 j - a potion of ambrosia {unknown}
 o - a potion of berserk rage {unknown}
 p - a potion of curing {unknown}
 s - a potion of agility {unknown}
 t - a potion of flight {unknown}
Comestibles
 f - a bread ration


   Skills:
 + Level 3.6 Fighting
 + Level 3.1 Long Blades
 + Level 3.8 Armour
 + Level 0.5 Dodging
 + Level 4.2 Shields


You had 4 spell levels left.
You didn't know any spells.

Dungeon Overview and Level Annotations

Branches:
Dungeon (3/15)

Altars:


Innate Abilities, Weirdness & Mutations

You are resistant to torment.
Your stone body is resilient. (AC +4)
You are immune to poison.
You resist negative energy. (rN+)
You are resistant to electric shocks. (rElec)
You can survive without breathing.
You are immune to petrification.
You are immune to rotting.


Message History

The adder is heavily wounded.
You block the adder's attack. The adder barely misses you.
You slash the adder!
You kill the adder!
You have reached level 5!
The giant cockroach barely misses you.
You closely miss the giant cockroach. You block the giant cockroach's attack.
The gnoll hits you from afar with a halberd.
* * * LOW HITPOINT WARNING * * *
You completely miss the giant cockroach.
The giant cockroach barely misses you. You block the gnoll's attack.
You block the giant cockroach's attack.
You hit the giant cockroach but do no damage.
The giant cockroach completely misses you.
The gnoll hits you from afar with a halberd.
* * * LOW HITPOINT WARNING * * *
You barely miss the giant cockroach. The giant cockroach bites you.
* * * LOW HITPOINT WARNING * * *
The gnoll hits you from afar with a halberd!
You die...

######..###.#
#.########......#
#
#.#........##.###
#.
#.#.#########.#
#.##.#.# #.#
..#.#.# #.# ###
#..#.# #.# ...
#.#.# #.# #.#
##@.# ..#
#.###s#.# .##
#.#g##.# #S###.#
#.# #.# #.# #.#
#g# #.#


sgS ..# ... ### You could see a gnoll, an adder and a giant cockroach.

Vanquished Creatures
  2 gnolls (D:3)
  5 adders
  A worm (D:2)
  3 dart slugs
  2 leopard geckos
  3 giant cockroaches
  9 goblins (D:1)
  5 hobgoblins
  6 kobolds (D:1)
  A quokka (D:3)
  A ball python (D:1)
  6 bats
  4 frilled lizards
  4 rats
52 creatures vanquished.

Notes
Turn   | Place    | Note
-------+----------+-------------------------------------------
     0 | D:1      | Zelle the Gargoyle Fighter began the quest for the Orb.
     0 | D:1      | Reached XP level 1. HP: 14/14 MP: 1/1
   186 | D:1      | Reached XP level 2. HP: 15/19 MP: 2/2
   434 | D:1      | Reached XP level 3. HP: 22/23 MP: 3/3
   922 | D:2      | Reached skill level 4 in Shields
   959 | D:2      | Reached XP level 4. HP: 27/28 MP: 4/4
  1540 | D:3      | Reached XP level 5. HP: 13/32 MP: 5/5
  1544 | D:3      | Slain by a gnoll

Skill      XL: |  1  2  3  4 |
---------------+-------------+-----
Long Blades    | 2 3 |  3.1
Shields        | 4 |  4.2
Fighting       | |  3.6
Armour         | |  3.8
Dodging        | |  0.5

Action                   |  1- 3 |  4- 6 || total
-------------------------+-------+-------++-------
Melee: Long sword        |   141 |    61 ||   202
  Eat: Meat ration       |       |     1 ||     1
Armor: Scale mail        |    91 |       ||    91
       Ring mail         |    22 |    27 ||    49
Dodge: Dodged            |    70 |    26 ||    96
Block: Shield            |   109 |    40 ||   149
       Rpst.: Long sword |    21 |    10 ||    31
